 Dungeon Crawl Stone Soup version 0.30.1-11-g7821555f0a (webtiles) character file.

Game seed: 19083917604117462

47687 cowcol the Severer (level 14, -4/140 HPs)
             Began as a Minotaur Fighter on Nov 10, 2023.
             Was a High Priest of Okawaru.
             Slain by an 18-headed hydra (5 damage)
             ... on level 1 of the Lair of Beasts.
             The game lasted 01:06:07 (28679 turns).

cowcol the Severer (Minotaur Fighter)              Turns: 28679, Time: 01:06:10

Health: -4/140     AC: 29    Str: 24    XL:     14   Next: 9%
Magic:  13/14      EV:  9    Int:  7    God:    Okawaru [*****.]
Gold:   1675       SH:  0    Dex: 10    Spells: 13/13 levels left

rFire   + + .        B - +5 Lochaber axe {reach-cleave, Poleaxe Drain}
rCold   . . .        (shield currently unavailable)
rNeg    . . .        R - +4 plate armour of Slovenliness {Contam Rampage rElec rF+}
rPois   +            (helmet restricted)
rElec   +            P - +0 cloak
rCorr   .            z - +0 pair of gloves
SInv    +            t - +1 pair of boots
Will    +....        H - amulet of regeneration Stlth
                     q - ring of poison resistance
HPRegen 1.23/turn    o - ring of see invisible
MPRegen 0.14/turn

%: rampage
@: heroic, studying Armour
A: horns 2, retaliatory headbutt, fire resistance 1, screaming 1
a: Renounce Religion, Heroism, Finesse, Duel


You were on level 1 of the Lair of Beasts.
You worshipped Okawaru.
Okawaru was extremely pleased with you.
You visited 3 branches of the dungeon, and saw 20 of its levels.

You collected 1770 gold pieces.
You spent 95 gold pieces at shops.

Inventory:

Hand Weapons
 a - a +0 war axe
 s - a +5 battleaxe
 B - the +5 Lochaber axe (weapon) {reach-cleave, Poleaxe Drain}
   (You took it off a wight on level 6 of the Dungeon)

   Poleaxe:   It uses either Axes or Polearms skill, whichever is higher.
   Drain:     It drains your maximum health when unequipped.
 K - a +2 war axe
Missiles
 i - 18 boomerangs (quivered)
 y - 14 poisoned darts
 G - 4 throwing nets
 M - 2 silver boomerangs
Armour
 b - a +0 scale mail
 c - a +0 buckler
 e - +1 pearl dragon scales
 h - a +0 plate armour
 n - a +0 pair of boots
 t - a +1 pair of boots (worn)
 z - a +0 pair of gloves (worn)
 P - a +0 cloak (worn)
 R - the +4 plate armour of Slovenliness (worn) {Contam Rampage rElec rF+}
   (Okawaru gifted it to you on level 3 of the Lair of Beasts)

   rF:        It protects you from fire.
   rElec:     It insulates you from electricity.
   Contam:    It causes magical contamination when unequipped.
   Rampage:   It bestows one free step when moving towards enemies.
Jewellery
 l - a ring of ice
 m - an amulet of magic regeneration
 o - a ring of see invisible (right hand)
 q - a ring of poison resistance (left hand)
 A - an amulet of reflection
 H - an amulet of regeneration (around neck)
Wands
 d - a wand of polymorph (21)
 v - a wand of iceblast (22)
 Q - a wand of quicksilver (7)
Scrolls
 f - 3 scrolls of fog
 p - 2 scrolls of poison
 C - 9 scrolls of identify
 D - 7 scrolls of teleportation
 E - a scroll of butterflies
 O - a scroll of magic mapping
 T - a scroll of amnesia
Potions
 j - 4 potions of brilliance
 r - 6 potions of ambrosia
 u - a potion of resistance
 w - 4 potions of curing
 x - 3 potions of attraction
 F - a potion of magic
 I - a potion of flight
 N - 2 potions of haste
 S - a potion of cancellation {unknown}
 U - a potion of invisibility {unknown}


   Skills:
 + Level 17.2(22.2) Fighting
 + Level 20.1(25.1) Axes
 + Level 2.1(7.1) Throwing
 + Level 14.6(19.6) Armour
 - Level 3.6(8.6) Shields
 + Level 2.0 Invocations


You had 13 spell levels left.
You didn't know any spells.
Your spell library contained the following spells:

 Spells                   Type           Power      Damage    Failure   Level
 Kiss of Death            Conj/Necr      0%         2d5       95%         1
 Sting                    Tmut/Pois      0%         1d3       95%         1
 Blink                    Tloc           0%         N/A       99%         2
 Lesser Beckoning         Tloc           0%         N/A       99%         2
 Momentum Strike          Conj/Tloc      0%         3d8       99%         2
 Poisonous Vapours        Pois/Air       0%         N/A       99%         2
 Confusing Touch          Hex            0%         N/A       100%        3
 Inner Flame              Hex/Fire       0%         N/A       100%        3
 Vhi's Electric Charge    Tloc/Air       0%         N/A       100%        3
 Dispel Undead            Necr           0%         3d6       100%        4
 Flame Wave               Conj/Fire      0%         2d4       100%        4
 Manifold Assault         Tloc           0%         N/A       100%        4
 Olgreb's Toxic Radiance  Pois           0%         N/A       100%        4
 Sticky Flame             Conj/Fire      0%         2d3       100%        4
 Arcjolt                  Conj/Air       0%         1d10      100%        5
 Dispersal                Tloc           0%         N/A       100%        6
 Plasma Beam              Fire/Air       0%         2x1d11    100%        6
 Disjunction              Tloc           0%         N/A       100%        8
 Summon Small Mammal      Summ           Unusable   N/A       N/A         1
 Call Canine Familiar     Summ           Unusable   N/A       N/A         3
 Summon Guardian Golem    Hex/Summ       Unusable   N/A       N/A         3

Dungeon Overview and Level Annotations

Branches:
Dungeon (14/15)            Temple (0/1) D:6            Lair (4/5) D:8
  Swamp (0/4) Lair:2        Snake (0/4) Lair:3          Orc (2/2) D:9
    Elf (0/3) Orc:2        Vaults (0/5) D:14
  Slime: Lair:4-5

Altars:
Cheibriados
Dithmenos
Fedhas
Hepliaklqana
Okawaru
Qazlal
Ru
Sif Muna
Trog
Zin
The Shining One

Shops:
D:2 *   Orc:1 (   Orc:2 (!**!?

Annotations:
D:4 3 runed translucent doors, OlManJenkins's ghost, amateur DgIE
D:9 1 runed translucent door, Dvallin's ghost, journeyman KoMo
D:11 3 runed translucent doors
D:12 2 transporters, lonewolfV2's ghost, journeyman FoFi
Lair:2 exclusion: 4 oklob plants


Innate Abilities, Weirdness & Mutations

You have a pair of horns on your head.
You reflexively headbutt those who attack you in melee.
Your flesh is heat resistant. (rF+)
You occasionally shout uncontrollably at your foes.


Message History

* * * LOW HITPOINT WARNING * * *
The 18-headed hydra bites you.
* * * LOW HITPOINT WARNING * * *
The 18-headed hydra closely misses you.
The 18-headed hydra bites you but does no damage.
The 18-headed hydra barely misses you.
The 18-headed hydra completely misses you.
The 18-headed hydra bites you but does no damage.
The 18-headed hydra barely misses you.
The 18-headed hydra bites you but does no damage. x2
The 18-headed hydra barely misses you.
The 18-headed hydra bites you but does no damage.
The 18-headed hydra bites you.
* * * LOW HITPOINT WARNING * * *
The 18-headed hydra bites you but does no damage.
The 18-headed hydra bites you!
* * * LOW HITPOINT WARNING * * *
The 18-headed hydra bites you but does no damage. x2
The 18-headed hydra bites you.
* * * LOW HITPOINT WARNING * * *
The 18-headed hydra bites you but does no damage.
As you read the scroll of fear, it crumbles to dust.
You assume a fearsome visage.
Scisormetimb3rs's ghost is unaffected.
The 18-headed hydra easily resists.
Scisormetimb3rs's ghost keens inconsolably.
Scisormetimb3rs's ghost completely misses you.
You furiously retaliate!
You headbutt scisormetimb3rs's ghost.
You destroy scisormetimb3rs's ghost!
Okawaru accepts your kill.
The 18-headed hydra bites you but does no damage.
The 18-headed hydra bites you.
* * * LOW HITPOINT WARNING * * *
The 18-headed hydra bites you but does no damage.
The 18-headed hydra bites you!
* * * LOW HITPOINT WARNING * * *
The 18-headed hydra bites you but does no damage. x6
The 18-headed hydra barely misses you.
The 18-headed hydra bites you but does no damage. x3
The 18-headed hydra bites you.
You die...

#.# ##.# #.................. #.#
#.# #..)...............
..######.# #..................
#..##..#.######......>...........
#.........................(......
.................................
#...............................)
#....................#####.......
#...............@...##..♣##......
.................D..#....♣##.....
[...................'...??♣#.....
#.#.####.###.#####..'..)...#.....
###.# ### #.# ##.'...$.♣#.....
#..# #.# #..#....♣##..... #..#
#.# ##.##.♣~##...... ##.# #.#
##.#####....... #.# #.#
#.............


You could see a 18-headed hydra.

Vanquished Creatures
  The ghost of scisormetimb3rs the Fighter, a journeyman BaFi of Uskayaw (Lair:1)
  2 vault guards (D:13)
  2 catoblepae (Lair:3)
  3 centaur warriors (D:13)
  A two-headed ogre (D:11)
  2 boulder beetles
  A tengu warrior (D:13)
  Urug (Orc:1)
  9 orc high priests
  A skeletal warrior (D:13)
  Pikel (D:4)
  An orc knight (Orc:2)
  2 cyclopes
  An orc sorcerer (Orc:1)
  A deep elf pyromancer (D:11)
  3 ugly things (D:13)
  A manticore (D:13)
  9 elephants
  3 gargoyles
  An unseen horror (D:11)
  A rime drake (Lair:2)
  8 cane toads
  A tengu conjurer (D:13)
  4 komodo dragons
  A queen bee (Lair:2)
  Grinder (D:3)
  2 tyrant leeches (Lair:2)
  2 polar bears (Lair:3)
  A hornet (D:9)
  5 trolls
  4 blink frogs
  7 dream sheep (Lair:3)
  A shadow (D:10)
  30 yaks
  8 basilisks
  8 wyverns
  A steam dragon (D:10)
  3 vampire mosquitoes
  A swamp worm (Lair:2)
  3 wargs (Orc:2)
  7 water moccasins
  3 nagas (Lair:3)
  19 orc warriors
  2 sky beasts
  5 ogres
  6 black bears
  4 boggarts (D:14)
  12 centaurs
  7 wolves
  3 kobold brigands
  2 lemures (D:4)
  7 bullfrogs
  2 scorpions (D:6)
  18 wights
  32 killer bees (Lair:2)
  2 howler monkeys (D:7)
  6 hounds
  35 orc priests
  2 gnoll boudas
  An iguana (D:7)
  22 orc wizards
  2 hell rats (Lair:2)
  Natasha (thrice) (D:3 D:2)
  10 gnolls
  4 adders
  A river rat (Lair:2)
  A shadow imp (D:5)
  3 white imps
  3 worms
  A dart slug (D:5)
  68 orcs
  7 ball pythons
  10 bats
  4 endoplasms
  2 giant cockroaches
  6 goblins
  4 hobgoblins
  7 jackals
  23 kobolds
  2 quokkas
  3 frilled lizards
  3 rats
502 creatures vanquished.

Notes
Turn   | Place    | Note
-------+----------+-------------------------------------------
     0 | D:1      | cowcol the Minotaur Fighter began the quest for the Orb.
     0 | D:1      | Reached XP level 1. HP: 19/19 MP: 0/0
   182 | D:1      | Reached XP level 2. HP: 18/26 MP: 1/1
   214 | D:1      | You fall into a shaft and drop 1 floor!
   392 | D:1      | Reached skill level 3 in Axes
   544 | D:1      | Found a faded altar of an unknown god.
   856 | D:2      | Reached XP level 3. HP: 31/31 MP: 2/2
  1379 | D:2      | Found Lat Fiasm's General Store.
  1386 | D:2      | Bought a potion of degeneration for 13 gold pieces
  1892 | D:3      | Noticed Natasha
  1895 | D:3      | Killed Natasha
  1896 | D:3      | Reached skill level 4 in Axes
  1896 | D:3      | Reached skill level 5 in Armour
  1896 | D:3      | Reached XP level 4. HP: 39/39 MP: 3/3
  2630 | D:3      | Noticed Natasha
  2638 | D:3      | Killed Natasha
  2664 | D:3      | Reached skill level 5 in Axes
  2664 | D:3      | Reached XP level 5. HP: 23/45 MP: 4/4
  2684 | D:3      | Noticed Natasha
  2989 | D:2      | Killed Natasha
  3692 | D:3      | Noticed Grinder
  4092 | D:3      | Paralysed by Grinder for 5 turns
  4106 | D:3      | Paralysed by Grinder for 2 turns
  4110 | D:3      | Killed Grinder
  4111 | D:3      | Reached skill level 6 in Axes
  4111 | D:3      | Reached XP level 6. HP: 34/51 MP: 5/5
  4120 | D:3      | Gained mutation: Your flesh is cold resistant. (rC+)
                  | [potion of mutation]
  4746 | D:4      | Found a runed translucent gate.
  4746 | D:4      | Found a runed translucent gate.
  4760 | D:4      | Found a runed translucent gate.
  4762 | D:4      | Noticed OlManJenkins's ghost (amateur DgIE)
  4836 | D:4      | Noticed Pikel
  4858 | D:4      | Killed Pikel
  4859 | D:4      | Reached skill level 8 in Axes
  4859 | D:4      | Reached XP level 7. HP: 39/57 MP: 6/6
  5021 | D:4      | Lost mutation: Your flesh is cold resistant. (rC+) [potion
                  | of mutation]
  5021 | D:4      | Gained mutation: You are vulnerable to cold. (rC-) [potion
                  | of mutation]
  5021 | D:4      | Gained mutation: Your spells are a little harder to cast,
                  | but a little more powerful. [potion of mutation]
  5263 | D:5      | Entered Level 5 of the Dungeon
  5329 | D:5      | Found a glowing silver altar of Zin.
  5329 | D:5      | Found an iron altar of Okawaru.
  5331 | D:5      | Found a blossoming altar of Fedhas.
  5331 | D:5      | Found a sacrificial altar of Ru.
  5338 | D:5      | Became a worshipper of Warmaster Okawaru
  5410 | D:5      | Reached XP level 8. HP: 54/64 MP: 7/7
  6546 | D:6      | Found a snail-covered altar of Cheibriados.
  6565 | D:6      | Reached skill level 9 in Axes
  6997 | D:6      | Reached * piety under Okawaru
  7330 | D:6      | Reached skill level 10 in Axes
  7334 | D:6      | Reached skill level 10 in Armour
  7709 | D:6      | Found a staircase to the Ecumenical Temple.
  7920 | D:6      | Identified a scroll of acquirement
  7921 | D:6      | Acquired a manual of Armour
  8213 | D:6      | Reached skill level 1 in Throwing
  8213 | D:6      | Reached XP level 9. HP: 67/70 MP: 8/8
  8459 | D:7      | Reached ** piety under Okawaru
  8467 | D:7      | Reached skill level 11 in Axes
  8561 | D:7      | Found a hazy altar of Hepliaklqana.
  8701 | D:7      | Found a shimmering blue altar of Sif Muna.
  8704 | D:7      | Found a shadowy altar of Dithmenos.
  8707 | D:7      | Found a glowing golden altar of the Shining One.
  8710 | D:7      | Found a stormy altar of Qazlal.
  8831 | D:7      | Reached skill level 12 in Axes
  9941 | D:8      | Noticed an elephant
  9986 | D:8      | Killed an elephant
  9986 | D:8      | Reached *** piety under Okawaru
  9987 | D:8      | Reached skill level 13 in Axes
 10087 | D:8      | Found a staircase to the Lair.
 10227 | D:8      | Reached XP level 10. HP: 65/78 MP: 6/9
 10600 | D:9      | Found a runed translucent door.
 10605 | D:9      | Noticed Dvallin's ghost (journeyman KoMo)
 10944 | D:9      | Reached skill level 14 in Axes
 10954 | D:9      | Reached skill level 5 in Fighting
 10955 | D:9      | Reached **** piety under Okawaru
 11886 | D:9      | Found a staircase to the Orcish Mines.
 12062 | D:10     | Entered Level 10 of the Dungeon
 12067 | D:10     | Noticed a gargoyle
 12077 | D:10     | Killed a gargoyle
 12531 | D:10     | Reached skill level 15 in Axes
 12807 | D:10     | Reached ***** piety under Okawaru
 13286 | D:11     | Noticed a two-headed ogre
 13294 | D:11     | Killed a two-headed ogre
 13295 | D:11     | Reached skill level 16 in Axes
 13295 | D:11     | Reached XP level 11. HP: 84/92 MP: 10/10
 13526 | D:11     | Found a runed translucent gate.
 13527 | D:11     | Found a runed translucent gate.
 13528 | D:11     | Found a runed translucent gate.
 13529 | D:11     | Noticed a brown ugly thing
 13529 | D:11     | a merfolk changed into a steelbarb worm
 13529 | D:11     | Noticed a steelbarb worm (glowing shapeshifter)
 13530 | D:11     | Noticed a cyan ugly thing
 13530 | D:11     | Noticed a green ugly thing
 13530 | D:11     | Noticed a glowing orange brain
 13530 | D:11     | Noticed a green ugly thing
 13530 | D:11     | a steelbarb worm changed into an orb spider
 13530 | D:11     | Noticed an orb spider (glowing shapeshifter)
 13531 | D:11     | Noticed a purple ugly thing
 13536 | D:11     | an orb spider changed into a shining eye
 13536 | D:11     | Noticed a shining eye (glowing shapeshifter)
 13537 | D:11     | a shining eye changed into an anaconda
 13537 | D:11     | Noticed an anaconda (glowing shapeshifter)
 13845 | D:11     | Lost mutation: Your spells are a little harder to cast, but
                  | a little more powerful. [potion of mutation]
 13845 | D:11     | Lost mutation: You are vulnerable to cold. (rC-) [potion of
                  | mutation]
 13845 | D:11     | Gained mutation: You possess an exceptional clarity of
                  | mind. [potion of mutation]
 13845 | D:11     | Gained mutation: You have hidden genetic potential. [potion
                  | of mutation]
 14022 | D:12     | Noticed a boulder beetle
 14041 | D:11     | Killed a boulder beetle
 14071 | D:12     | Noticed a deep elf pyromancer
 14094 | D:11     | Killed a deep elf pyromancer
 14094 | D:11     | Identified the +1 scale mail "Itsi" {*Corrode rPois rC+}
                  | (Okawaru gifted it to you on level 11 of the Dungeon)
 14094 | D:11     | Received a gift from Okawaru
 15347 | D:12     | Reached skill level 17 in Axes
 15799 | D:12     | Identified the +3 ring mail of Qazlal's Generosity {Rampage
                  | SInv}
 15830 | D:12     | Noticed a boulder beetle
 15851 | D:12     | Killed a boulder beetle
 16272 | D:12     | Found a transporter.
 16277 | D:12     | Found a bloodstained altar of Trog.
 16283 | D:12     | Noticed a tengu warrior
 16283 | D:12     | Noticed a two-headed ogre
 16284 | D:12     | Noticed an orc knight
 16284 | D:12     | Noticed an ettin
 16285 | D:12     | Noticed lonewolfV2's ghost (journeyman FoFi)
 16287 | D:12     | Noticed a two-headed ogre
 16298 | D:12     | Found a transporter.
 16330 | D:12     | Noticed a two-headed ogre
 16467 | Lair:1   | Entered Level 1 of the Lair of Beasts
 16623 | Lair:1   | Reached skill level 10 in Fighting
 16969 | Lair:1   | Found a runed translucent gate.
 16970 | Lair:1   | Found a runed translucent gate.
 16994 | Lair:1   | Found a runed translucent gate.
 16996 | Lair:1   | Noticed scisormetimb3rs's ghost (journeyman BaFi)
 16997 | Lair:1   | Noticed a 12-headed hydra
 17501 | Orc:1    | Entered Level 1 of the Orcish Mines
 18399 | Orc:1    | Noticed Urug
 18438 | Orc:1    | Killed Urug
 18569 | Orc:1    | Reached skill level 18 in Axes
 18573 | Orc:1    | Found a shimmering blue altar of Sif Muna.
 18576 | Orc:1    | Reached XP level 12. HP: 100/108 MP: 8/11
 18861 | Orc:2    | Entered Level 2 of the Orcish Mines
 18861 | Orc:2    | Noticed an orc high priest
 18899 | Orc:2    | Killed an orc high priest
 19452 | Orc:2    | Found Harghoudd's Specific Store.
 19454 | Orc:2    | Found Gicyf's General Store.
 19458 | Orc:2    | Bought a scroll of enchant weapon for 82 gold pieces
 19555 | Orc:2    | Noticed an orc high priest
 19563 | Orc:2    | Killed an orc high priest
 19581 | Orc:2    | Received a gift from Okawaru
 19584 | Orc:2    | Noticed an orc high priest
 19590 | Orc:2    | Gained mutation: You passively map a small area around you.
                  | [hidden potential]
 19608 | Orc:2    | Killed an orc high priest
 19795 | Orc:2    | Found Ypienal's Antique Weapon Shoppe.
 19795 | Orc:2    | Found Joifas's Distillery.
 19826 | Orc:2    | Noticed an orc high priest
 19837 | Orc:2    | Killed an orc high priest
 19838 | Orc:2    | Reached skill level 1 in Invocations
 19921 | Orc:2    | Noticed an orc high priest
 19930 | Orc:2    | Killed an orc high priest
 19947 | Orc:2    | Noticed an orc high priest
 19953 | Orc:2    | Found Xoshami's Magic Scroll Boutique.
 19953 | Orc:2    | Noticed an orc high priest
 20357 | Orc:1    | Killed an orc high priest
 21068 | Orc:2    | Found a staircase to the Elven Halls.
 21100 | Orc:2    | Found Qoulig's Distillery.
 21100 | Orc:2    | Noticed an orc high priest
 21108 | Orc:2    | Killed an orc high priest
 21588 | Orc:2    | Killed an orc high priest
 21593 | Orc:2    | Noticed an orc high priest
 21600 | Orc:2    | Killed an orc high priest
 22193 | Orc:1    | Found Werej's Weapon Emporium.
 22528 | Lair:2   | Reached skill level 19 in Axes
 22542 | Lair:2   | Received a gift from Okawaru
 22547 | Lair:2   | Reached XP level 13. HP: 124/125 MP: 12/12
 22624 | Lair:2   | Received a gift from Okawaru
 23025 | Lair:2   | Gained mutation: You have a somewhat thin skeletal
                  | structure. (Dex +2, Stealth+) [hidden potential]
 23025 | Lair:2   | Lost mutation: You have hidden genetic potential. [hidden
                  | potential expressed]
 23043 | Lair:2   | Lost mutation: You have a somewhat thin skeletal structure.
                  | (Dex +2, Stealth+) [potion of mutation]
 23043 | Lair:2   | Lost mutation: You possess an exceptional clarity of mind.
                  | [potion of mutation]
 23043 | Lair:2   | Lost mutation: You passively map a small area around you.
                  | [potion of mutation]
 23043 | Lair:2   | Gained mutation: Your mind is acute. (Int +4, Str/Dex -1)
                  | [potion of mutation]
 23043 | Lair:2   | Gained mutation: You possess an exceptional clarity of
                  | mind. [potion of mutation]
 23044 | Lair:2   | Lost mutation: Your mind is acute. (Int +4, Str/Dex -1)
                  | [potion of mutation]
 23044 | Lair:2   | Lost mutation: You possess an exceptional clarity of mind.
                  | [potion of mutation]
 23044 | Lair:2   | Gained mutation: You occasionally shout uncontrollably at
                  | your foes. [potion of mutation]
 23044 | Lair:2   | Gained mutation: Your flesh is heat resistant. (rF+)
                  | [potion of mutation]
 23285 | Lair:2   | Found a staircase to the Swamp.
 24292 | Lair:2   | Reached skill level 15 in Fighting
 24318 | Lair:2   | Received a gift from Okawaru
 24576 | Lair:3   | Reached skill level 20 in Axes
 25728 | Lair:3   | Found a staircase to the Snake Pit.
 25730 | Lair:3   | Identified the +4 plate armour of Slovenliness {Contam
                  | Rampage rElec rF+} (Okawaru gifted it to you on level 3 of
                  | the Lair of Beasts)
 25730 | Lair:3   | Received a gift from Okawaru
 27506 | D:14     | Found a sacrificial altar of Ru.
 27559 | D:14     | Found a gate to the Vaults.
 27999 | D:13     | Reached XP level 14. HP: 93/140 MP: 14/14
 28679 | Lair:1   | Killed scisormetimb3rs's ghost
 28679 | Lair:1   | HP: 1/140 [18-headed hydra (12)]
 28679 | Lair:1   | Slain by an 18-headed hydra

Illustrated notes

Levels and vault maps discovered:
D:1:      nzn_arrival_depleted_hourglass, layout_rooms,
          shapermc_ecumenical_altar_ellora, corner_web_ring, st_stairs_4,
          minmay_pentomino_v4
D:2:      wad_woods_pond, layout_loops_ring, serial_shops, nicolae_shop_trees,
          chequers_serial_rivers_room_a, grunt_ministairs_15, minmay_misc_feat_x
D:3:      layout_rooms, uniq_natasha, uniq_grinder
D:4:      layout_loops_cross, ebering_ghost_rock_garden, uniq_pikel
D:5:      layout_loops_cross, mainiacjoe_overflow_alcove_3
D:6:      layout_basic, mainiacjoe_overflow_24_doors,
          minmay_temple_entry_offerings
D:7:      layout_loops_ring, mainiacjoe_overflow_alcove_1,
          grunt_temple_overflow_cloverleaf
D:8:      layout_cave_pools, david_lair_generic
D:9:      layout_loops_cross, orc_0_dummy, hellmonk_ghost_big_iron
D:10:     layout_basic, nicolae_concentric_dashed_squares_mild
D:11:     layout_basic, ploomutoo_gammafunk_ghost_potion_laboratory
D:12:     layout_gridville, gammafunk_ghost_wrathful_warriors
D:13:     layout_basic
D:14:     layout_roguey, lightli_vaults_fourway_checkpoint, hangedman_ru_absence
Lair:1:   layout_small_grid, gammafunk_ghost_hydra_chop
Lair:2:   hangedman_what_comes_after_a, layout_cave_pods,
          minmay_swamp_entry_worms, infiniplex_staircase_pool_2
Lair:3:   layout_roguey, nicolae_snake_entry_squirm
Lair:4:   nzn_winding_woodlands_huge [nzn_winding_woodlands_5x15_parted,
          nzn_winding_woodlands_5x15_eye, nzn_winding_woodlands_5x15_zeroes,
          nzn_winding_woodlands_5x15_garden,
          nzn_winding_woodlands_5x15_sawtooth, nzn_winding_woodlands_5x15_pool,
          nzn_winding_woodlands_5x15_split_checker,
          nzn_winding_woodlands_5x15_default,
          nzn_winding_woodlands_5x15_crooked,
          nzn_winding_woodlands_5x15_sidewinder,
          nzn_winding_woodlands_center_triple_pond,
          nzn_winding_woodlands_center_pierced_h,
          nzn_winding_woodlands_15x15_killbox], layout_regular_city,
          portal_ice_cave_rime, bobbens_ice_dragon_lair
Orc:1:    layout_caves, serial_shops, nicolae_shop_tiny_waterfront,
          kennysheep_orc_sif_temple, uniq_urug
Orc:2:    st_orc_town, layout_caves, nicolae_specific_store, bh_open_orc_temple

Skill      XL: |  1  2  3  4  5  6  7  8  9 10 11 12 13 |
---------------+----------------------------------------+-----
Armour         | 4 5 7 8 10 11 12 14 | 14.6
Axes           | 3 4 5 6 8 10 13 16 18 19 20 | 20.1
Throwing       | 1 2 |  2.1
Fighting       | 7 10 14 17 | 17.2
Invocations    | 1 2 |  2.0
Shields        | |  3.6

Action                     |  1- 3 |  4- 6 |  7- 9 | 10-12 | 13-15 || total
---------------------------+-------+-------+-------+-------+-------++-------
  Melee: War axe           |    75 |   103 |   117 |       |       ||   295
         Headbutt          |    10 |    19 |    32 |    70 |    58 ||   189
         Unarmed           |       |    10 |       |       |       ||    10
         Lochaber axe      |       |       |    77 |   441 |   286 ||   804
  Throw: Boomerang         |       |       |    14 |    20 |    10 ||    44
         Dart              |       |       |       |    10 |     7 ||    17
 Invoke: Heroism           |       |       |     1 |    10 |     5 ||    16
  Evoke: Wand              |       |       |       |       |     2 ||     2
    Use: Scroll            |     5 |     4 |     3 |    11 |     6 ||    29
         Potion            |       |     6 |     1 |     4 |     5 ||    16
   Stab: Petrified         |       |       |       |       |     2 ||     2
 Armour: Scale mail        |    45 |    72 |    26 |       |       ||   143
         Skin              |       |     2 |       |       |       ||     2
         Pearl dragon scal |       |       |   123 |   323 |   188 ||   634
         Plate armour      |       |       |       |       |   190 ||   190
  Dodge: Dodged            |    37 |    58 |    84 |   269 |   212 ||   660
  Block: Buckler           |    20 |    24 |    24 |       |       ||    68
         Other             |       |       |       |     4 |       ||     4
         Reflection        |       |       |       |     2 |       ||     2
